Map: Port Aleksander LE

Players

Lambo - Winner!

  • Race: Zerg Zerg
  • League: Master
  • Spawn Location: 5:00

lIlIlIlIlIlI

  • Race: Zerg Zerg
  • League: Master
  • Spawn Location: 11:00

VOD

Have the link to the VOD?

Description

Time

  • Played on: Jan. 27, 2019, 9:43 a.m.
  • Length: 13:14
Show
View Real Time Build Order
Export as new Build Order

Lambo Zerg - Winner!

Build Orders: Hatch First 

Get SALT Encoding   

  12  0:01  Drone  
  13  0:12  Overlord  
  13  0:21  Drone  
  14  0:32  Drone x2  
  16  0:50  Hatchery  
  16  0:53  Drone  
  16  0:56  Drone  
  17  1:00  Drone  
  18  1:10  Extractor  
  17  1:15  Spawning Pool  
  16  1:18  Drone  
  16  1:21  Drone  
  18  1:29  Drone  
  19  1:41  Drone  
  20  1:56  Drone  
  21  2:02  Queen x2  
  21  2:03  Drone  
  21  2:04  Overlord  
  26  2:12  Metabolic Boost  
  26  2:17  Drone x2  
  28  2:26  Drone x2  
  30  2:39  Hatchery  
  30  2:44  Drone x3  
  32  2:45  Drone  
  33  2:52  Baneling Nest  
  33  2:55  Overlord  
  33  2:58  Zergling x2  
  33  3:08  Drone x2  
  33  3:12  Drone  
  36  3:15  Zergling x6  
  36  3:16  Zergling x2  
  36  3:17  Overlord  
  36  3:19  Drone  
  41  3:28  Drone, Queen  
  44  3:34  Evolution Chamber  
  44  3:36  Overlord  
  44  3:37  Drone  
  44  3:41  Drone x2  
  44  3:42  Drone  
  44  3:47  Drone  
  48  3:49  Drone x2  
  48  3:50  Zergling x2  
  48  3:52  Drone  
  48  3:54  Drone  
  48  3:55  Extractor  
  52  3:56  Extractor  
  52  4:01  Drone  
  52  4:03  Drone x2  
  52  4:05  Zerg Missile Weapons Level 1  
  52  4:09  Overlord  
  54  4:13  Baneling  
  54  4:14  Baneling  
  54  4:15  Drone x2  
  54  4:16  Drone  
  57  4:20  Drone x3  
  57  4:22  Overlord  
  57  4:23  Drone  
  61  4:25  Drone  
  61  4:27  Drone  
  63  4:36  Drone x3  
  63  4:37  Lair  
  66  4:41  Roach Warren  
  64  4:47  Drone x4  
  64  4:51  Pneumatized Carapace  
  68  4:53  Drone  
  68  4:55  Drone x2  
  68  4:59  Drone x4  
  75  5:02  Overlord  
  75  5:03  Drone  
  75  5:06  Extractor  
  75  5:07  Extractor, Drone  
  75  5:08  Extractor  
  75  5:09  Drone  
  75  5:10  Overlord  
  75  5:13  Overlord  
  75  5:18  Drone x3  
  78  5:25  Hatchery  
  76  5:32  Evolution Chamber  
  76  5:34  Drone  
  76  5:35  Overlord  
  76  5:37  Roach x4  
  76  5:38  Overseer  
  76  5:39  Overlord  
  76  5:42  Overlord  
  84  5:45  Roach  
  84  5:46  Roach  
  84  5:49  Drone  
  89  5:53  Overlord  
  89  5:55  Roach x3  
  95  6:03  Queen  
  97  6:05  Roach x4  
  105  6:12  Roach x4  
  105  6:15  Baneling x6  
  105  6:17  Overlord  
  113  6:24  Zerg Missile Weapons Level 2  
  113  6:25  Glial Reconstitution  
  113  6:28  Zerg Ground Armor Level 1  
  117  6:32  Roach  
  117  6:33  Roach x2  
  117  6:37  Overlord  
  119  6:40  Overlord x2  
  119  6:42  Drone x2  
  119  6:44  Roach  
  119  6:45  Ravager x3  
  119  6:46  Ravager  
  119  6:47  Ravager  
  128  6:54  Overlord  
  128  6:55  Roach x4  
  128  6:59  Drone x3  
  139  7:02  Overlord  
  139  7:03  Overseer  
  139  7:04  Roach  
  141  7:09  Overlord  
  141  7:11  Roach x2  
  145  7:15  Overlord  
  145  7:18  Roach x3  
  151  7:29  Roach x7  
  161  7:38  Roach x6  
  161  7:40  Roach  
  175  7:45  Roach x2  
  175  7:46  Roach x2  
  183  7:52  Roach x2  
  183  7:53  Roach  
  183  7:58  Roach  
  170  8:01  Roach  
  170  8:05  Drone  
  173  8:07  Drone  
  173  8:09  Ravager  
  173  8:10  Drone, Ravager x2  
  178  8:13  Drone  
  178  8:15  Drone, Ravager  
  178  8:18  Drone x2  
  171  8:31  Roach x5  
  171  8:36  Roach x2  
  171  8:38  Drone x2  
  162  8:44  Drone x4  
  150  8:55  Drone x7  
  149  9:01  Roach x3  
  155  9:05  Ravager  
  155  9:06  Ravager x3  
  155  9:07  Ravager x4  
  155  9:09  Roach  
  165  9:18  Roach  
  165  9:19  Roach x3  
  173  9:25  Tunneling Claws  
  173  9:26  Burrow  
  173  9:32  Roach x6  
  173  9:36  Roach x2  
  189  9:42  Roach x4  
  197  9:48  Roach  
  199  9:56  Drone x2  
  199  9:59  Overlord  
  200  10:01  Overlord  
  200  10:03  Zerg Ground Armor Level 2  
  200  10:06  Hydralisk Den  
  199  10:11  Extractor, Overlord  
  199  10:12  Extractor  
  199  10:13  Spine Crawler  
  196  10:15  Hatchery  
  196  10:17  Overseer  
  195  10:27  Roach x2  
  199  10:34  Roach x2  
  200  10:40  Roach  
  200  10:41  Roach x4  
  193  10:52  Roach x4  
  193  10:53  Roach  
  193  10:55  Roach  
  197  10:57  Overseer  
  191  11:04  Roach x4  
  191  11:10  Roach x2  
  200  11:17  Roach  
  198  11:21  Roach x2  
  195  11:27  Roach x14  
  195  11:29  Evolution Chamber  
  195  11:32  Roach x5  
  196  11:34  Roach x5  
  196  11:36  Roach  
  196  11:37  Roach x6  
  193  11:44  Roach x3  
  193  11:47  Ravager x4  
  193  11:53  Roach x2  
  193  12:03  Roach x4  
  193  12:05  Overseer  
  193  12:06  Roach x3  
  195  12:08  Lurker Den  
  195  12:10  Overseer  
  195  12:14  Roach x6  
  198  12:24  Roach  
  188  12:37  Hatchery  
  188  12:39  Roach x6  
  197  12:55  Roach  
Show
View Real Time Build Order
Export as new Build Order

lIlIlIlIlIlI Zerg 

Build Orders: Hatch First 

Get SALT Encoding   

  12  0:00  Drone  
  13  0:12  Overlord  
  13  0:18  Drone  
  14  0:30  Drone  
  14  0:31  Drone  
  16  0:50  Hatchery  
  16  0:53  Drone  
  16  0:56  Drone  
  17  1:01  Drone  
  18  1:11  Extractor  
  17  1:16  Spawning Pool  
  16  1:19  Drone  
  16  1:23  Drone  
  18  1:28  Drone  
  19  1:40  Drone  
  20  1:50  Drone  
  21  2:03  Queen  
  21  2:04  Queen  
  21  2:05  Drone, Overlord  
  26  2:11  Drone  
  26  2:13  Drone  
  26  2:15  Metabolic Boost  
  28  2:25  Drone x2  
  30  2:34  Drone  
  30  2:35  Drone  
  32  2:41  Hatchery  
  31  2:45  Drone  
  31  2:50  Overlord  
  32  2:55  Zergling x2, Baneling Nest  
  32  2:57  Zergling x2  
  33  3:07  Drone  
  33  3:08  Drone  
  33  3:12  Drone  
  36  3:14  Drone x2  
  36  3:15  Zergling x6  
  36  3:17  Zergling x2  
  42  3:21  Overlord  
  42  3:26  Evolution Chamber  
  41  3:28  Drone  
  41  3:32  Queen  
  44  3:42  Drone x3  
  44  3:46  Drone  
  48  3:49  Overlord  
  48  3:50  Drone x3  
  48  3:51  Drone  
  52  3:57  Zerg Missile Weapons Level 1  
  52  4:04  Drone  
  52  4:05  Drone x4  
  52  4:07  Extractor  
  52  4:09  Overlord  
  56  4:16  Drone, Lair  
  58  4:17  Drone  
  58  4:18  Drone  
  58  4:21  Drone  
  58  4:23  Drone x2  
  62  4:24  Drone  
  62  4:26  Drone  
  62  4:29  Overlord  
  62  4:30  Drone  
  65  4:34  Drone  
  66  4:39  Roach Warren, Drone x2  
  66  4:44  Pneumatized Carapace  
  66  4:45  Drone x2  
  69  4:50  Drone x4  
  73  4:55  Overlord  
  73  4:58  Drone x5  
  73  4:59  Drone  
  78  5:03  Drone  
  78  5:04  Extractor  
  78  5:06  Extractor  
  78  5:07  Extractor x2, Overlord  
  76  5:10  Overlord  
  76  5:12  Drone  
  76  5:15  Drone x2  
  76  5:20  Drone  
  79  5:23  Roach  
  79  5:24  Roach x4  
  79  5:27  Drone  
  79  5:28  Overlord  
  90  5:31  Overseer  
  90  5:38  Overlord  
  90  5:46  Roach x7  
  90  5:48  Hatchery  
  103  5:52  Roach  
  103  5:53  Roach x3  
  103  5:55  Overlord  
  111  5:57  Roach  
  111  6:03  Zerg Missile Weapons Level 2  
  113  6:04  Drone  
  113  6:07  Evolution Chamber  
  113  6:14  Overlord  
  113  6:18  Roach x7  
  127  6:22  Overlord  
  127  6:28  Roach  
  127  6:29  Overlord x3  
  129  6:32  Zerg Ground Armor Level 1  
  129  6:33  Baneling  
  129  6:34  Baneling x3  
  129  6:37  Ravager x2  
  131  6:40  Drone x4  
  131  6:41  Drone  
  131  6:43  Drone  
  131  6:44  Drone  
  131  6:46  Overlord  
  138  6:53  Baneling x4, Extractor  
  137  6:59  Glial Reconstitution  
  137  7:01  Roach  
  137  7:02  Roach x5  
  137  7:04  Overlord  
  149  7:09  Overlord  
  151  7:15  Roach  
  151  7:16  Roach x5  
  161  7:29  Drone x8  
  162  7:33  Overlord  
  162  7:36  Overlord  
  153  7:38  Roach x2  
  153  7:39  Roach x3  
  153  7:43  Roach  
  153  7:44  Roach  
  167  7:54  Roach  
  167  7:55  Roach x3  
  167  7:57  Overlord  
  168  8:02  Roach  
  168  8:06  Roach x3  
  168  8:07  Roach  
  168  8:12  Roach x5  
  186  8:16  Ravager  
  186  8:17  Ravager x2  
  186  8:25  Roach  
  186  8:26  Roach x6  
  183  8:32  Roach  
  183  8:33  Roach  
  166  8:38  Roach x5  
  162  8:44  Roach x3  
  162  8:45  Roach  
  154  8:54  Roach x5  
  158  8:56  Roach  
  158  9:00  Roach x2  
  158  9:01  Ravager x4  
  168  9:08  Drone  
  168  9:09  Drone x3  
  172  9:14  Roach x2  
  176  9:18  Overlord  
  176  9:21  Roach  
  178  9:24  Roach  
  178  9:25  Roach  
  178  9:26  Tunneling Claws  
  178  9:27  Burrow, Overlord  
  182  9:35  Roach x5  
  182  9:37  Overlord  
  190  9:44  Queen  
  189  9:45  Drone  
  189  9:46  Drone x2  
  189  9:50  Roach  
  189  9:51  Roach x3  
  200  10:04  Hydralisk Den  
  200  10:05  Infestation Pit  
  200  10:06  Spine Crawler x2  
  192  10:12  Roach x4  
  200  10:17  Overseer  
  200  10:19  Spine Crawler  
  200  10:21  Spine Crawler  
  198  10:23  Drone x2  
  186  10:43  Roach Warren  
  186  10:48  Roach x6  
  186  10:49  Roach  
  173  11:15  Hydralisk x13  
  179  11:18  Queen  
  179  11:19  Queen  
  179  11:21  Hydralisk  
  168  11:34  Roach x4  
  157  11:44  Roach  
  157  11:45  Roach x3  
  157  11:46  Roach  
  156  11:51  Roach x4  
  150  12:06  Roach x6  
  140  12:09  Roach  
  140  12:10  Roach  
  140  12:15  Overseer  
  134  12:20  Roach x2  
  134  12:21  Roach x4  
  146  12:25  Roach x16  
  146  12:27  Roach x2  
  146  12:30  Roach  
  146  12:31  Roach  
  146  12:36  Roach x2  
  154  12:40  Roach x2  
  158  12:48  Roach  
  158  12:49  Roach x4  
  156  12:54  Roach x8  
Tags
 
Add a new tag
Caveats
  • Supply blocks, unpowered buildings, or Contaminate may cause inaccurate times.
  • Supply counts are checked every 10 seconds.